AoeStats
← Erickinio

Lombardia

508302715Analyzed
4v4 RM · 10d ago on Sep 21, 2026· 97m 19s· 8 players
Game mode
Random Map
Map size
Large (8 player)
Population
200
Speed
Normal
Resources
Standard
Victory
Conquest
Starting age
Dark Age
Ending age
Imperial Age
RankedLock teamsTeams togetherTeam positionsShared explorationLock speedFull tech treeHidden civsTurbo modeCheats
Victory
Defeat
🇹🇷 Tatars · Türkiye
849
+17
🇪🇸 Goths · Spain
842
+15
🇩🇪 Italians · Germany
828
+16
🇪🇸 Burmese · Spain
819
+16
🇬🇧 Franks · United Kingdom
891
-18
🇭🇷 Khmer · Croatia
853
-17
🇦🇷 Celts · Argentina
777
-14
🇹🇷 Huns · Türkiye
760
-13
Pelanuski
0:36 Loom
12:37 Feudal Age
17:45 Castle Age
16:12 Horse Collar
17:57 Forging
23:01 Heavy Plow
25:59 Fletching
26:10 Scale Mail Armor
26:46 Iron Casting
26:21 Squires
27:02 Manipur Cavalry
27:34 Murder Holes
28:01 Ballistics
27:22 Treadmill Crane
33:36 Imperial Age
32:11 Wheelbarrow
31:22 Town Watch
34:41 Husbandry
35:16 Conscription
36:11 Scale Barding Armor
37:50 Elite Skirmisher
37:51 Crossbowman
39:46 Hand Cart
39:31 Town Patrol
41:03 Capped Ram
42:59 Howdah
42:25 Elite Battle Elephant
44:50 Chemistry
44:04 Guilds
43:34 Pikeman
45:29 Chain Barding Armor
45:05 Bodkin Arrow
45:26 Chain Mail Armor
46:30 Blast Furnace
46:17 Halberdier
49:39 Cavalier
58:50 Fortified Wall
59:16 Bracer
91:06 Padded Archer Armor
Toytatın Şimşeği
11:02 Feudal Age
13:47 Loom
16:16 Castle Age
15:46 Double-Bit Axe
15:44 Horse Collar
15:57 Gold Mining
17:32 Heavy Plow
17:44 Bow Saw
19:08 Wheelbarrow
22:16 Pikeman
23:42 Fletching
25:35 Gold Shaft Mining
25:46 Bodkin Arrow
29:13 Hand Cart
31:08 Stone Mining
36:29 Imperial Age
35:08 Padded Archer Armor
36:04 Silk Armor
36:26 Leather Archer Armor
37:10 Heavy Cavalry Archer
38:51 Bracer
39:22 Ring Archer Armor
41:27 Elite Keshik
43:00 Ballistics
43:40 Chemistry
43:00 Siege Engineers
43:27 Timurid Siegecraft
43:32 Scale Barding Armor
43:38 Forging
46:09 Chain Barding Armor
46:25 Iron Casting
46:25 Husbandry
46:36 Bloodlines
48:11 Plate Barding Armor
53:31 Scale Mail Armor
54:33 Blast Furnace
53:58 Conscription
54:05 Caravan
53:49 Elite Steppe Lancer
Icewulf 11
0:31 Loom
13:16 Feudal Age
13:41 Horse Collar
13:50 Double-Bit Axe
20:29 Castle Age
18:42 Forging
18:48 Stone Mining
19:42 Scale Mail Armor
19:55 Padded Archer Armor
21:08 Fletching
21:16 Crossbowman
22:53 Leather Archer Armor
25:08 Iron Casting
25:57 Bodkin Arrow
27:13 Heavy Plow
29:32 Chain Mail Armor
30:19 Bow Saw
31:31 Pikeman
33:53 Squires
37:57 Imperial Age
36:44 Coinage
36:40 Murder Holes
38:25 Ballistics
40:00 Two-Man Saw
40:05 Blast Furnace
40:25 Chemistry
40:08 Caravan
41:30 Ring Archer Armor
43:32 Plate Mail Armor
43:49 Banking
46:06 Bracer
49:06 Elite Genoese Crossbowman
83:57 Onager
◄ Bikar ►
2:20 Loom
12:21 Feudal Age
13:14 Double-Bit Axe
13:25 Horse Collar
16:12 Castle Age
16:01 Wheelbarrow
21:37 Bow Saw
22:54 Fervor
23:21 Heavy Plow
23:58 Town Watch
24:59 Squires
24:20 Pikeman
26:48 Anarchy
27:58 Hand Cart
27:54 Scale Mail Armor
28:04 Forging
28:42 Gold Mining
28:42 Stone Mining
33:14 Imperial Age
34:32 Conscription
34:52 Crop Rotation
35:23 Two-Man Saw
35:02 Stone Shaft Mining
35:01 Elite Huskarl
36:11 Town Patrol
36:34 Perfusion
38:14 Ballistics
39:06 Chemistry
38:12 Capped Ram
39:16 Chain Mail Armor
39:37 Iron Casting
39:30 Caravan
41:05 Halberdier
42:54 Guilds
45:40 Blast Furnace
49:41 Padded Archer Armor
49:41 Onager
64:41 Fletching
sam.hodges1989
5:06 Loom
11:47 Feudal Age
17:01 Scale Barding Armor
20:48 Castle Age
19:52 Forging
20:58 Light Cavalry
26:15 Gold Mining
28:31 Iron Casting
27:24 Pikeman
32:41 Imperial Age
34:35 Double-Bit Axe
36:11 Cavalier
38:18 Wheelbarrow
37:48 Caravan
39:15 Chain Barding Armor
39:56 Blast Furnace
39:44 Gold Shaft Mining
42:07 Husbandry
43:01 Paladin
44:20 Plate Barding Armor
48:11 Halberdier
51:52 Scale Mail Armor
58:10 Hand Cart
59:23 Bow Saw
64:08 Chivalry
76:30 Conscription
85:57 Onager
sheya1
5:24 Loom
10:20 Feudal Age
16:17 Castle Age
14:19 Double-Bit Axe
14:59 Horse Collar
17:02 Gold Mining
17:59 Bow Saw
20:59 Wheelbarrow
23:21 Stone Mining
23:35 Heavy Plow
25:19 Hand Cart
28:07 Stone Shaft Mining
28:07 Bloodlines
27:58 Husbandry
28:14 Forging
28:11 Scale Barding Armor
31:03 Gold Shaft Mining
33:23 Imperial Age
31:33 Iron Casting
31:35 Caravan
33:42 Town Watch
34:04 Elite Battle Elephant
35:34 Crop Rotation
36:09 Tusk Swords
38:07 Chemistry
37:07 Murder Holes
37:41 Chain Barding Armor
39:40 Town Patrol
40:07 Double Crossbow
42:15 Elite Ballista Elephant
50:30 Blast Furnace
50:05 Plate Barding Armor
55:09 Hoardings
sertasmetal.com
11:36 Feudal Age
17:15 Castle Age
16:19 Double-Bit Axe
16:17 Horse Collar
17:11 Bloodlines
17:31 Loom
18:47 Forging
18:47 Husbandry
24:33 Gold Mining
25:40 Iron Casting
26:13 Heavy Plow
26:27 Bow Saw
27:56 Scale Barding Armor
30:59 Thumb Ring
30:47 Fletching
31:19 Chain Barding Armor
34:45 Imperial Age
32:40 Bodkin Arrow
32:45 Padded Archer Armor
33:39 Ballistics
33:48 Elite Skirmisher
34:46 Leather Archer Armor
35:37 Wheelbarrow
39:17 Conscription
38:25 Elite Tarkan
40:16 Two-Man Saw
39:27 Bracer
40:28 Blast Furnace
40:04 Plate Barding Armor
40:38 Chemistry
40:30 Marauders
39:58 Capped Ram
41:13 Heavy Cavalry Archer
42:24 Parthian Tactics
43:12 Cavalier
43:17 Light Cavalry
46:38 Hussar
49:08 Paladin
53:34 Caravan
93:35 Siege Ram
Erickinio
4:06 Loom
12:14 Feudal Age
13:43 Double-Bit Axe
18:41 Castle Age
24:56 Treadmill Crane
25:58 Forging
26:44 Bow Saw
28:01 Wheelbarrow
28:10 Scale Mail Armor
28:49 Gambesons
30:18 Horse Collar
30:40 Stronghold
32:19 Iron Casting
32:00 Chain Mail Armor
32:39 Pikeman
33:08 Arson
33:55 Hand Cart
34:40 Gold Mining
34:40 Stone Mining
34:50 Town Watch
35:03 Murder Holes
38:09 Imperial Age
36:09 Stone Mining
37:04 Gold Shaft Mining
37:32 Stone Shaft Mining
37:44 Masonry
38:27 Town Patrol
38:51 Ballistics
39:19 Conscription
39:10 Furor Celtica
39:17 Siege Engineers
39:29 Heavy Scorpion
40:40 Heavy Plow
41:42 Chemistry
42:08 Blast Furnace
41:39 Plate Mail Armor
41:22 Halberdier
42:10 Elite Woad Raider
44:33 Bow Saw
45:57 Onager
46:29 Man-at-Arms
47:35 Long Swordsman
49:32 Two-Handed Swordsman
54:23 Champion
65:23 Siege Onager
91:15 Padded Archer Armor
91:06 Fletching
Connection lost

Rejoining the realm…

Still unreachable

The connection could not be restored.

Session expired

The server has moved on; the page needs a fresh start.